 Dungeon Crawl Stone Soup version 0.25.1-8-g42b30a86e7 (webtiles) character file.

Game seed: 8660422056376252245

11880 Clowwww the Cleaver (level 11, -6/99 HPs)
             Began as a Hill Orc Fighter on Dec 5, 2020.
             Was a Believer of Ashenzari.
             Killed from afar by a raiju (20 damage)
             ... with a living lightning
             ... in a Gauntlet.
             The game lasted 00:31:34 (13029 turns).

Clowwww the Cleaver (Hill Orc Fighter)             Turns: 13029, Time: 00:31:34

Health: -6/99      AC: 11    Str: 23    XL:     11   Next: 84%
Magic:  11/11      EV: 14    Int:  8    God:    Ashenzari [**....]
Gold:   830        SH: 12    Dex: 10    Spells: 10/10 levels left

rFire    . . .     SeeInvis .   a - +3 war axe (curse)
rCold    . . .     Gourm    .   c - +0 kite shield
rNeg     . . .     Faith    .   b - +2 scale mail
rPois    .         Spirit   .   (no helmet)
rElec    .         Reflect  .   (no cloak)
rCorr    +         Harm     .   (no gloves)
MR       .....     NoTele   +   C - +0 pair of boots
Stlth    ..........             (no amulet)
HPRegen  0.26/turn              e - ring of resist corrosion
MPRegen  0.12/turn              t - +4 ring of evasion (curse)

@: mighty
A: no striking features
a: Curse Item, Scrying, Renounce Religion


You were in a Gauntlet.
You worshipped Ashenzari.
Ashenzari was pleased with you.
You were not hungry.

You visited 1 branch of the dungeon, and saw 11 of its levels.
You also visited: Sewer and Gauntlet.

You collected 830 gold pieces.

Inventory:

Hand Weapons
 a - a cursed +3 war axe (weapon)
Missiles
 r - 2 boomerangs (quivered)
 M - a throwing net
Armour
 b - a +2 scale mail (worn)
 c - a +0 kite shield (worn)
 C - a +0 pair of boots (worn)
Jewellery
 e - a ring of resist corrosion (left hand)
 i - an uncursed ring of flight
 p - an uncursed ring of protection from cold
 t - a cursed +4 ring of evasion (right hand)
 w - an uncursed ring of poison resistance
 y - an uncursed ring of fire
 z - an uncursed amulet of faith
 G - an uncursed ring of wizardry
Wands
 k - a wand of clouds (5)
 q - a wand of flame (56)
 u - a wand of polymorph (17)
 A - a wand of acid (8)
Scrolls
 x - a scroll of magic mapping
 E - 4 scrolls of teleportation
 F - 3 scrolls of blinking
 H - 3 scrolls of remove curse
 I - a scroll of enchant armour
 J - a scroll of identify
 L - a scroll of fog
Potions
 d - a potion of might
 g - 2 potions of haste
 h - 2 potions of invisibility
 j - a potion of berserk rage
 l - a potion of resistance
 m - 7 potions of curing
 n - 3 potions of stabbing
 o - 2 potions of flight {unknown}
 s - 2 potions of cancellation
 B - 3 potions of ambrosia
 D - a potion of brilliance {unknown}
 K - a potion of magic {unknown}
Comestibles
 f - 27 rations


   Skills:
 + Level 9.7 Fighting
 + Level 14.7(16.5) Axes
 + Level 1.3 Throwing
 + Level 8.2 Armour
 + Level 4.1 Dodging
 + Level 2.0 Stealth
 + Level 9.6 Shields
 + Level 0.2 Evocations


You had 10 spell levels left.
You didn't know any spells.
Your spell library contained the following spells:

 Spells                   Type           Power        Failure   Level  Hunger
 Magic Dart               Conj           #...         89%         1    ##.....
 Blink                    Tloc           N/A          96%         2    ###....
 Call Imp                 Summ           #.......     96%         2    ###....
 Slow                     Hex            #.......     96%         2    ###....
 Conjure Flame            Conj/Fire      #.......     99%         3    ####...
 Mephitic Cloud           Conj/Pois/Air  #.......     99%         3    ####...
 Leda's Liquefaction      Hex/Erth       #.........   100%        4    #####..
 Bolt of Magma            Conj/Fire/Erth #.........   100%        5    ######.
 Iron Shot                Conj/Erth      #.........   100%        6    #######
 Statue Form              Tmut/Erth      #........    100%        6    #######
 Shatter                  Erth           #.........   100%        9    #######


Dungeon Overview and Level Annotations

Branches:
Dungeon (11/15)            Temple (0/1) D:4           Sewer (visited)
Gauntlet (1/1)
   Lair: D:8-11         Orc: D:9-12

Altars:
Ashenzari
Cheibriados
Fedhas
Makhleb
Qazlal
Trog
Uskayaw
Vehumet
Wu Jian
Yredelemnul
Zin

Shops:
D:4 (   D:5 :

Portals:
Trove: D:10 (show slimy rune of Zot)

Annotations:
Gauntlet 7 transporters, 4 runed translucent doors, exclusions: lightning spire and orange crystal statue


Message History

You feel much better.
The raiju bursts into living lightning!
The living lightning hits you! The living lightning misses you.
The raiju blinks!
The raiju bursts into living lightning!
The living lightning hits you!!
* * * LOW HITPOINT WARNING * * *
The living lightning misses you.
The raiju blinks! x2
You barely miss the raiju.
The raiju is heavily wounded.
The raiju bursts into living lightning!
The living lightning hits you!
* * * LOW HITPOINT WARNING * * *
The living lightning misses you.
The raiju blinks!
You feel much better.
The raiju bursts into living lightning!
The living lightning misses the raiju.
The living lightning hits you!
* * * LOW HITPOINT WARNING * * *
The living lightning hits you!!
You die...

#≈#≈#≈#≈#≈#≈###
#...........#≈###
≈.............#≈#
,.#########....### ###...
§§,#?.#.##8#.....§# §....
#..*##..#.#####..## ##..##
§..##.##..##..#..≈# #≈..#.
#..#©.#©##§#©.#..## ##..#.
§..###..#@##..#.§§###≈..#.
# ,*#.##h.##..#..##≈##..#.
*
..#[[#h##.#..#.........#.
*
#..#########..#.........#.
#..........#..###########.
#..#########..#...#.#...#.
* ,
#..###.YYwY#..#..#...#..#.
© #8.#
##.##.#..#|##...##.#. **
.. [.. #w#..#..##.#..##.


You could see a death yak, 2 raiju and a lightning spire.

Vanquished Creatures
  A war gargoyle (D:10)
  The ghost of firemonkey the Geomancer, a novice DgEE (D:10)
  3 two-headed ogres
  A necromancer (Gauntlet)
  A gargoyle (D:10)
  A centaur skeleton (D:10)
  Grinder (D:4)
  3 trolls
  2 hippogriffs
  Sigmund (D:6)
  A wyvern (D:9)
  Eustachio (D:4)
  A hungry ghost (D:7)
  2 meliai simulacra (Gauntlet)
  2 orc warriors (D:6)
  5 ice beasts
  4 sky beasts
  An eye of draining (D:9)
  A phantom (D:6)
  A necrophage (D:10)
  4 ogres
  4 wolves (Gauntlet)
  4 centaurs
  A big kobold (D:10)
  4 bullfrogs
  Blork the orc (D:4)
  7 scorpions
  9 killer bees
  5 wights (D:8)
  4 crimson imps
  3 bullfrog zombies
  A quasit (D:9)
  3 jellies
  2 wyvern simulacra (Gauntlet)
  5 hounds
  7 orc priests
  Crazy Yiuf (D:4)
  8 orc wizards
  A bullfrog skeleton (D:5)
  3 iguanas
  12 worker ants
  A lightning spire (Gauntlet)
  A hound zombie (D:5)
  Robin (D:2)
  A howler monkey skeleton (D:6)
  11 adders
  A river rat (D:5)
  3 shadow imps
  An ooze (D:5)
  2 adder skeletons
  2 adder zombies
  A dart slug (D:2)
  4 leopard geckos
  39 orcs
  7 ball pythons
  7 giant cockroaches
  10 hobgoblins
  10 jackals
  9 kobolds
  A quokka (D:3)
  10 bats
  9 frilled lizards
  A giant cockroach zombie (D:5)
  17 goblins
  A jackal zombie (D:5)
  13 rats
  2 fungi (D:10)
  A plant (D:10)
289 creatures vanquished.

Notes
Turn   | Place    | Note
-------+----------+-------------------------------------------
     0 | D:1      | Clowwww the Hill Orc Fighter began the quest for the Orb.
     0 | D:1      | Reached XP level 1. HP: 19/19 MP: 1/1
   265 | D:1      | Reached XP level 2. HP: 27/27 MP: 2/2
   660 | D:1      | Reached skill level 3 in Axes
   957 | D:2      | Reached XP level 3. HP: 32/33 MP: 3/3
  1161 | D:2      | Noticed Robin
  1176 | D:2      | Killed Robin
  1176 | D:2      | Reached XP level 4. HP: 38/40 MP: 4/4
  1748 | D:3      | You fall into a shaft and drop 3 floors!
  1762 | D:6      | Reached skill level 4 in Axes
  1762 | D:6      | Reached XP level 5. HP: 45/47 MP: 5/5
  1764 | D:5      | Entered Level 5 of the Dungeon
  1768 | D:5      | Found Unaqidgh's Book Shoppe.
  1863 | D:5      | Found a glowing drain.
  1897 | Sewer    | Entered a sewer
  2005 | Sewer    | Reached skill level 5 in Axes
  2193 | Sewer    | Reached skill level 5 in Fighting
  2194 | Sewer    | Reached XP level 6. HP: 48/56 MP: 6/6
  2350 | Sewer    | Reached skill level 1 in Dodging
  2369 | Sewer    | Got a heavy robe
  2750 | D:5      | Identified the +2 robe of Qoggalel {Str+3} (You found it in
                  | a sewer)
  2837 | D:5      | Reached skill level 6 in Axes
  2899 | D:5      | Reached XP level 7. HP: 56/61 MP: 7/7
  2954 | D:5      | Found a stormy altar of Qazlal.
  3004 | D:4      | Found a basalt altar of Yredelemnul.
  3102 | D:4      | Reached skill level 7 in Axes
  3180 | D:4      | Found Mion's Weapon Boutique.
  3370 | D:4      | Found a glowing silver altar of Zin.
  3414 | D:4      | Found an ornate altar of the Wu Jian Council.
  3418 | D:4      | Found a basalt altar of Yredelemnul.
  3431 | D:4      | Found a hide-covered altar of Uskayaw.
  3435 | D:4      | Found a shattered altar of Ashenzari.
  3442 | D:4      | Became a worshipper of Ashenzari the Shackled
  3487 | D:4      | Found a runed translucent door.
  3875 | D:3      | Found a blossoming altar of Fedhas.
  3949 | D:3      | Reached skill level 8 in Axes
  3949 | D:3      | Reached XP level 8. HP: 53/70 MP: 8/8
  4909 | D:4      | Noticed Crazy Yiuf
  4917 | D:4      | Killed Crazy Yiuf
  5161 | D:4      | Found a bloodstained altar of Trog.
  5163 | D:4      | Reached skill level 5 in Armour
  5166 | D:4      | Reached * piety under Ashenzari
  5166 | D:4      | Found a snail-covered altar of Cheibriados.
  5313 | D:4      | Noticed Blork the orc
  5314 | D:4      | Noticed Grinder
  5321 | D:4      | Killed Blork the orc
  5321 | D:4      | Reached skill level 9 in Axes
  5321 | D:4      | Reached skill level 5 in Shields
  5338 | D:4      | Killed Grinder
  5391 | D:4      | Found a radiant altar of Vehumet.
  5438 | D:4      | Found a staircase to the Ecumenical Temple.
  5643 | D:4      | Noticed Eustachio
  5663 | D:4      | Killed Eustachio
  6202 | D:5      | Reached skill level 10 in Axes
  6202 | D:5      | Reached XP level 9. HP: 78/78 MP: 9/9
  6776 | D:6      | Noticed Sigmund
  6785 | D:6      | Killed Sigmund
  6958 | D:6      | Reached skill level 11 in Axes
  7454 | D:7      | Reached skill level 1 in Throwing
  7467 | D:7      | Reached skill level 1 in Stealth
  7900 | D:7      | Reached XP level 10. HP: 81/86 MP: 10/10
  8243 | D:8      | Reached skill level 12 in Axes
  8379 | D:8      | Reached ** piety under Ashenzari
  8473 | D:8      | Found a stormy altar of Qazlal.
  8651 | D:8      | Found a burning altar of Makhleb.
  8703 | D:8      | Noticed a two-headed ogre
  8710 | D:8      | Killed a two-headed ogre
  9242 | D:9      | Reached skill level 13 in Axes
  9376 | D:9      | Noticed a two-headed ogre
  9388 | D:9      | Killed a two-headed ogre
  9805 | D:9      | Reached XP level 11. HP: 80/95 MP: 1/11
 10733 | D:10     | Entered Level 10 of the Dungeon
 11118 | D:10     | Found a runed translucent door.
 11118 | D:10     | Noticed firemonkey's ghost (novice DgEE)
 11118 | D:10     | Noticed a war gargoyle
 11147 | D:10     | Killed a war gargoyle
 11147 | D:10     | Reached skill level 14 in Axes
 11162 | D:10     | Killed firemonkey's ghost
 11506 | D:10     | Noticed a two-headed ogre
 11511 | D:10     | Killed a two-headed ogre
 12146 | D:10     | Found a portal to a secret trove of treasure.
 12534 | D:11     | Found a gate leading to a gauntlet.
 12543 | Gauntlet | Entered a Gauntlet
 12543 | Gauntlet | Found a transporter.
 12543 | Gauntlet | Found a runed translucent gate.
 12543 | Gauntlet | Found a transporter.
 12543 | Gauntlet | Noticed a queen ant
 12549 | Gauntlet | Found a transporter.
 12550 | Gauntlet | Noticed a necromancer
 12551 | Gauntlet | Found a runed translucent door.
 12561 | Gauntlet | Found a transporter.
 12562 | Gauntlet | Found a transporter.
 12582 | Gauntlet | Killed a necromancer
 12647 | Gauntlet | Found a transporter.
 12656 | Gauntlet | Found a transporter.
 12656 | Gauntlet | Found a runed translucent gate.
 12657 | Gauntlet | Found a runed translucent gate.
 12658 | Gauntlet | Noticed a sixfirhy
 12668 | Gauntlet | Found a transporter.
 12668 | Gauntlet | Found a transporter.
 12673 | Gauntlet | Found a transporter.
 12687 | Gauntlet | Found a transporter.
 12982 | Gauntlet | Noticed a death yak
 12983 | Gauntlet | Noticed a death yak
 12984 | Gauntlet | Noticed a death yak
 12997 | Gauntlet | Noticed an orange crystal statue
 13017 | Gauntlet | Found a transporter.
 13029 | Gauntlet | Killed from afar by a raiju

Illustrated notes

Levels and vault maps discovered:
D:1:      shiori_arrival_oz, layout_loops_ring
D:2:      minmay_wonky_spiral, layout_rooms, uniq_robin
D:3:      layout_basic, first_ration, fedhas_altar_4
D:4:      layout_rooms, grunt_temple_overflow_open, vehumet_altar_wand_db,
          minmay_overflow_temple_star_hex, minmay_temple_entry_glassed_door,
          serial_shops, shop, yredelemnul_altar_generic, uniq_eustachio,
          uniq_grinder, uniq_crazy_yiuf_cottage, uniq_blork_the_orc
D:5:      layout_basic, serial_shops, nicolae_shop_competitors_out_of_business,
          portal_sewer_entry_e, nicolae_qazlal_general_emergency
D:6:      layout_rooms, grunt_ministairs_15, minmay_small_thing, uniq_sigmund
D:7:      layout_cave_pools
D:8:      layout_loops_ring, makhleb_heckhound_becter, kennysheep_mini
D:9:      layout_basic
D:10:     old_forge, layout_gridville, enter_trove_6, ebering_ghost_inner_flame,
          blue_anna_alchemist [blue_anna_fruit_fields, blue_anna_fruit_fields]
D:11:     layout_basic, lair_entry_dummy, orc_0_dummy, gauntlet_entry_generic
Gauntlet: gammafunk_gauntlet_mixed_choke_point
          [minmay_gauntlet_arena_77_run_for_it, minmay_gauntlet_arena_77_path,
          minmay_gauntlet_arena_77_hold_the_fort,
          gammafunk_gauntlet_arena_chambers,
          minmay_gauntlet_arena_77_tiled_triplets,
          minmay_gauntlet_arena_77_p_blocks,
          minmay_gauntlet_arena_77_chump_sandwich, gauntlet_exit_watery]

Skill      XL: |  1  2  3  4  5  6  7  8  9 10 11 |
---------------+----------------------------------+-----
Fighting       | 4 5 6 7 8 9 |  9.7
Axes           | 3 4 5 6 8 10 11 13 14 | 14.7
Armour         | 4 6 7 8 |  8.2
Shields        | 4 5 6 8 9 |  9.6
Dodging        | 1 2 3 4 |  4.1
Throwing       | 1 |  1.3
Stealth        | 1 2 |  2.0
Evocations     | |  0.2

Action                   |  1- 3 |  4- 6 |  7- 9 | 10-12 || total
-------------------------+-------+-------+-------+-------++-------
Melee: War axe           |   110 |   194 |   411 |   424 ||  1139
Throw: Boomerang         |       |       |     8 |     5 ||    13
Invok: Curse Item        |       |       |     2 |       ||     2
Evoke: Wand              |       |       |       |     1 ||     1
  Use: Scroll            |       |       |    20 |     8 ||    28
       Potion            |       |       |     1 |     7 ||     8
  Eat: Chunk             |     1 |     5 |    17 |     9 ||    32
       Ration            |       |       |       |     3 ||     3
Armor: Scale mail        |    53 |    92 |   162 |   108 ||   415
Dodge: Dodged            |    26 |    63 |   118 |   156 ||   363
Block: Kite shield       |    54 |   101 |   196 |   231 ||   582
